 Dungeon Crawl Stone Soup version 0.29.1-15-g9cfb28693d (webtiles) character file.

Game seed: 6082877213177013733

8563 Groucho the Covert (level 11, -11/47 HPs)
             Began as a Spriggan Venom Mage on Apr 5, 2023.
             Was a Believer of Dithmenos.
             Mangled by a large abomination (26 damage)
             ... on level 2 of the Abyss.
             The game lasted 01:11:24 (35024 turns).

Groucho the Covert (Spriggan Venom Mage)           Turns: 35024, Time: 01:11:25

Health: -11/47     AC:  8    Str:  8    XL:     11   Next: 11%
Magic:  22/22      EV: 25    Int: 17    God:    Dithmenos [**....]
Gold:   589        SH:  5    Dex: 16    Spells: 8/23 levels left

rFire   . . .      SeeInvis +   z - +1 dagger (venom)
rCold   + . .      Faith    .   (no shield)
rNeg    . . .      Spirit   .   c - +0 steam dragon scales
rPois   +          Reflect  +   (helmet restricted)
rElec   .          Harm     .   t - +2 cloak {rPois}
rCorr   .          Rampage  .   (gloves unavailable)
Will    +....                   (boots unavailable)
Stlth   +++++.....              l - amulet of reflection
HPRegen 0.15/turn               f - ring of protection from cold
MPRegen 0.18/turn               y - +4 ring of evasion

@: wreathed by umbra, very quick
A: very small, no large weapons, unfitting armour, see invisible, speed 3
a: Renounce Religion, Shadow Step


You were on level 2 of the Abyss.
You worshipped Dithmenos.
Dithmenos was pleased with you.
You visited 2 branches of the dungeon, and saw 11 of its levels.
You visited the Abyss 1 time.

You collected 589 gold pieces.

Inventory:

Hand Weapons
 z - a +1 dagger of venom (weapon)
Missiles
 v - a throwing net
Armour
 c - +0 steam dragon scales (worn)
 m - a +1 robe
 n - a scarf of invisibility
 t - a +2 cloak of poison resistance (worn)
Jewellery
 f - a ring of protection from cold (left hand)
 l - an amulet of reflection (around neck)
 s - a ring of resist corrosion
 y - a +4 ring of evasion (right hand)
Wands
 r - a wand of charming (35)
 A - a wand of acid (8)
 C - a wand of iceblast (2)
 D - a wand of polymorph (2)
Scrolls
 a - 2 scrolls of amnesia
 b - 2 scrolls of brand weapon
 d - a scroll of poison
 e - a scroll of acquirement {unknown}
 g - 2 scrolls of fear
 h - a scroll of blinking {unknown}
 i - 2 scrolls of identify
 j - 4 scrolls of vulnerability
 o - 3 scrolls of immolation
 p - 2 scrolls of magic mapping
 q - a scroll of enchant armour {unknown}
 u - a scroll of silence {unknown}
 x - 3 scrolls of noise
 F - 2 scrolls of teleportation
 I - a scroll of fog {unknown}
Potions
 k - a potion of invisibility {unknown}
 w - a potion of magic
 B - a potion of cancellation {unknown}
 E - a potion of berserk rage {unknown}
 G - a potion of flight
 H - a potion of degeneration {unknown}


   Skills:
 + Level 5.3 Short Blades
 + Level 7.2 Dodging
 + Level 8.9 Stealth
 + Level 6.8 Spellcasting
 * Level 5.0 Conjurations
 + Level 6.8 Transmutations
 + Level 4.1 Fire Magic
 + Level 4.2 Air Magic
 + Level 7.0 Poison Magic
 * Level 6.8 Evocations


You had 8 spell levels left.
You knew the following spells:

 Your Spells              Type           Power      Damage    Failure   Level
a - Sting                 Tmut/Pois      100%       1d8       1%          1
b - Poisonous Vapours     Pois/Air       50%        N/A       1%          2
c - Mephitic Cloud        Conj/Pois/Air  24%        N/A       3%          3
d - Olgreb's Toxic Radia  Pois           29%        N/A       6%          4
e - Fireball              Conj/Fire      10%        3d6       45%         5

Your spell library contained the following spells:

 Spells                   Type           Power      Damage    Failure   Level
 Beastly Appendage        Tmut           58%        N/A       1%          1
 Shock                    Conj/Air       84%        1d8       1%          1
 Wereblood                Tmut           29%        N/A       1%          2
 Spider Form              Tmut/Pois      29%        N/A       1%          3
 Swiftness                Air            20%        N/A       6%          3
 Necrotise                Necr           20%        1d5       12%         1
 Airstrike                Air            10%        2d(2-18)  21%         4
 Vampiric Draining        Necr           5%         2d6       34%         3
 Starburst                Conj/Fire      10%        6d5       95%         6
 Agony                    Necr           5%         N/A       97%         5
 Ignition                 Fire           9%         3d5       100%        8


Dungeon Overview and Level Annotations

Branches:
Dungeon (10/15)            Temple (1/1) D:6             Orc (0/2) D:9
   Lair: D:8-11

Altars:
Ashenzari
Cheibriados
Dithmenos
Elyvilon
Fedhas
Gozag
Hepliaklqana
Kikubaaqudgha
Makhleb
Nemelex Xobeh
Okawaru
Qazlal
Ru
Sif Muna
Trog
Uskayaw
Vehumet
Wu Jian
Xom
Yredelemnul
Zin

Shops:
D:3 [(!*[   D:6 *(

Annotations:
D:5 2 runed translucent doors, engelados's ghost, novice BaCj
D:10 Erolcha


Innate Abilities, Weirdness & Mutations

You are very small and have problems with some larger weapons.
You are too small for most types of armour.
You have supernaturally acute eyesight. (SInv)
You cover ground extremely quickly. (Speed+++)


Message History

You are covered in liquid flames!
You block the large abomination's attack.
The smoke demon completely misses you. The smoke demon barely misses you.
You block the smoke demon's attack.
You hit the smoke demon.
The smoke demon is heavily wounded.
You are covered in liquid flames!
You hit the smoke demon but do no damage.
The smoke demon is heavily wounded.
You are covered in liquid flames!
The smoke demon gestures at you. The ball of steam hits you. You resist.
The large abomination completely misses you.
You hit the smoke demon.
The smoke demon is severely wounded.
You are covered in liquid flames!
You block the smoke demon's attack.
The smoke demon hits you but does no damage. x2
You hit the smoke demon but do no damage.
The smoke demon is severely wounded.
The large abomination misses you. The smoke demon misses you.
The smoke demon completely misses you. x2
Unknown command.
Unknown command.
Unknown command.
You hit the smoke demon but do no damage.
The smoke demon is severely wounded.
The large abomination misses you.
You barely miss the smoke demon.
The smoke demon is severely wounded.
The smoke demon closely misses you. The smoke demon completely misses you.
You block the smoke demon's attack.
Unknown command.
Unknown command.
You hit the smoke demon.
The smoke demon is severely wounded.
The smoke demon gestures at you. The ball of steam hits you! You resist.
The large abomination hits you!!
Ouch! That really hurt!
You die...

. ## #.# . ## #
##.. .#.# .# #.
#....##.. #..#
... #..X3#..#
..# # #@..# . ##
##..§### ##. .##
#.#.§# . #.
.####.#§.##
.###.##..#.....#
. # .#.
#...#..#..# .# .
#..#.......###.#
# ..... #.#..
#.# .# .#.## #
.#...... .#


You could see a large abomination and a smoke demon (very poisoned).

Vanquished Creatures
  Erica (D:8)
  2 two-headed ogres (D:8)
  Joseph (D:9)
  Maggie (D:8)
  2 hornets
  Sigmund (D:2)
  A wyvern (D:9)
  9 yaks
  3 steam dragons
  Menkaure (D:5)
  An acid dragon (D:9)
  2 water moccasins
  3 sky beasts
  5 orc warriors
  An ogre (D:7)
  4 centaurs
  2 phantoms
  2 kobold brigands
  A gnoll sergeant (D:5)
  2 bullfrogs
  3 scorpions (D:5)
  A troll zombie (D:9)
  8 wights
  3 howler monkeys (D:8)
  2 gnoll boudas
  4 hounds
  3 jellies
  Crazy Yiuf (D:3)
  5 orc priests
  Terence (D:3)
  Jessica (D:3)
  3 iguanas
  Ijyb (D:5)
  2 orc wizards (D:7)
  6 ogre zombies (D:9)
  Robin (D:4)
  7 gnolls
  9 adders
  A white imp (D:5)
  2 worms (D:5)
  4 dart slugs
  27 orcs
  8 endoplasms
  A giant cockroach (D:2)
  16 hobgoblins
  6 jackals
  3 quokkas
  13 ball pythons
  6 bats
  3 frilled lizards
  11 goblins
  A goblin skeleton (D:9)
  4 goblin zombies (D:9)
  2 hobgoblin skeletons (D:9)
  A hobgoblin zombie (D:9)
  29 kobolds
  2 orc skeletons (D:9)
  14 orc zombies (D:9)
  7 rats
267 creatures vanquished.

Vanquished Creatures (others)
  A kobold (D:6)
  57 plants
58 creatures vanquished.

Grand Total: 325 creatures vanquished

Notes
Turn   | Place    | Note
-------+----------+-------------------------------------------
     0 | D:1      | Groucho the Spriggan Venom Mage began the quest for the
                  | Orb.
     0 | D:1      | Reached XP level 1. HP: 9/9 MP: 5/5
   650 | D:1      | Reached XP level 2. HP: 12/13 MP: 0/6
  3124 | D:2      | Reached XP level 3. HP: 16/16 MP: 4/8
  3656 | D:2      | Learned a level 2 spell: Poisonous Vapours
  4461 | D:2      | Learned a level 3 spell: Mephitic Cloud
  4679 | D:2      | Noticed Sigmund
  4699 | D:2      | Killed Sigmund
  4700 | D:2      | Reached skill level 1 in Short Blades
  4700 | D:2      | Reached skill level 4 in Stealth
  4700 | D:2      | Reached XP level 4. HP: 21/21 MP: 3/10
  4700 | D:2      | Reached XP level 5. HP: 24/24 MP: 3/11
  5424 | D:2      | Found a faded altar of an unknown god.
  5773 | D:3      | Found Meoleloh's Assorted Antiques.
  5803 | D:3      | Found Unuqa's Distillery.
  5882 | D:3      | Noticed Terence
  5895 | D:3      | Killed Terence
  6240 | D:3      | Reached XP level 6. HP: 28/28 MP: 8/12
  6901 | D:3      | Found Wocuat's Antique Armour Shoppe.
  7182 | D:3      | Found Biecaw's Armour Emporium.
  7226 | D:3      | Found Ochid's Weapon Emporium.
  7341 | D:3      | Noticed Jessica
  7350 | D:3      | Killed Jessica
  7669 | D:3      | Found a runed translucent door.
  7670 | D:3      | Noticed Crazy Yiuf
  7974 | D:3      | Killed Crazy Yiuf
  7975 | D:3      | Reached skill level 5 in Stealth
  7975 | D:3      | Reached skill level 1 in Conjurations
 10252 | D:3      | Learned a level 4 spell: Olgreb's Toxic Radiance
 10357 | D:3      | Reached skill level 1 in Air Magic
 10357 | D:3      | Reached XP level 7. HP: 13/32 MP: 2/14
 11524 | D:4      | Noticed Robin
 11535 | D:4      | Killed Robin
 12260 | D:4      | Reached skill level 5 in Poison Magic
 12615 | D:4      | Found a sparkling altar of Nemelex Xobeh.
 12808 | D:5      | Entered Level 5 of the Dungeon
 12809 | D:5      | Noticed a yak
 12809 | D:5      | Noticed a yak
 12824 | D:5      | Found a large runed translucent door.
 12824 | D:5      | Found a large runed translucent door.
 12827 | D:5      | Noticed engelados's ghost (novice BaCj)
 12855 | D:5      | Killed a yak
 12856 | D:5      | Reached skill level 1 in Fire Magic
 13043 | D:5      | Noticed a yak
 13048 | D:5      | Noticed Ijyb
 13063 | D:5      | Killed Ijyb
 13070 | D:5      | Killed a yak
 13071 | D:5      | HP: 1/32 [centaur/arrow (14)]
 13080 | D:5      | Reached XP level 8. HP: 15/36 MP: 1/15
 13728 | D:5      | Reached skill level 5 in Dodging
 13734 | D:5      | Reached skill level 6 in Stealth
 14130 | D:5      | Reached skill level 5 in Spellcasting
 14684 | D:5      | Noticed Menkaure
 14727 | D:5      | Killed Menkaure
 16963 | D:6      | Found Xioxt's Weapon Emporium.
 17825 | D:6      | Reached XP level 9. HP: 39/39 MP: 9/18
 18368 | D:6      | Identified the +9 flail of Kyeruim {speed, +Blink rElec
                  | rPois Str+4}
 18447 | D:6      | Reached skill level 1 in Evocations
 18952 | D:6      | Found Xot Zamoe's General Store.
 19367 | D:6      | Reached skill level 5 in Transmutations
 19567 | D:6      | Found a staircase to the Ecumenical Temple.
 19640 | Temple   | Entered the Ecumenical Temple
 19766 | Temple   | Became a worshipper of Dithmenos the Shadowed
 19903 | D:7      | Found a broken altar of Ashenzari.
 19924 | D:7      | Found a flagged portal.
 20260 | D:7      | Reached skill level 7 in Stealth
 20802 | D:7      | Found a burning altar of Makhleb.
 21271 | D:7      | Reached * piety under Dithmenos
 24467 | D:8      | Noticed a two-headed ogre
 24470 | D:8      | HP: 1/35 [two-headed ogre/+0 giant club (34)]
 25121 | D:8      | Killed a two-headed ogre
 25122 | D:8      | Reached XP level 10. HP: 12/44 MP: 16/20
 27328 | D:8      | Noticed Maggie
 27342 | D:8      | Killed Maggie
 27343 | D:8      | Reached skill level 8 in Stealth
 27945 | D:8      | Noticed a two-headed ogre
 27974 | D:8      | Killed a two-headed ogre
 27975 | D:8      | Reached skill level 5 in Evocations
 28278 | D:8      | Noticed Erica
 28895 | D:8      | Killed Erica
 29391 | D:9      | Noticed Joseph
 29398 | D:9      | Killed Joseph
 29399 | D:9      | Reached skill level 5 in Short Blades
 30395 | D:9      | Reached XP level 11. HP: 47/47 MP: 22/22
 30660 | D:9      | Found a staircase to the Orcish Mines.
 31312 | D:9      | Found a faded altar of an unknown god.
 31312 | D:9      | Found a hazy altar of Hepliaklqana.
 31314 | D:9      | Found a faded altar of an unknown god.
 31854 | D:9      | Learned a level 5 spell: Fireball
 33452 | D:10     | Entered Level 10 of the Dungeon
 34305 | D:9      | Reached ** piety under Dithmenos
 34359 | D:9      | Reached skill level 5 in Conjurations
 34652 | D:9      | Found an opulent altar of Gozag.
 34859 | D:10     | Found a stormy altar of Qazlal.
 34876 | D:10     | Noticed Erolcha
 34883 | Abyss:1  | Cast into level 1 of the Abyss (Erolcha)
 35024 | Abyss:2  | Mangled by a large abomination

Illustrated notes

Levels and vault maps discovered:
D:1:      dpeg_arrival_connections, layout_loops_cross
D:2:      layout_loops_cross, serial_rivers, chequers_serial_rivers_micro_e,
          chequers_serial_rivers_large_b, chequers_serial_rivers_small_b,
          chequers_serial_rivers_micro_d,
          hellmonk_ecumenical_altar_defaced_shrine, uniq_sigmund
D:3:      minmay_inner_zag, layout_basic, serial_shops, shop, shop_statue,
          nicolae_shop_overgrown_old_shop, shop_coins, nicolae_square_shop,
          uniq_crazy_yiuf_cottage, uniq_jessica, uniq_terence
D:4:      nicolae_cairo_tiling, layout_cave_pools,
          nemelex_xobeh_ov_fountains_minmay, serial_glass, glass_columns_a,
          glass_columns_a, minmay_strange_pillars, feat_on_display,
          feat_on_display, minmay_strange_pillars, kennysheep_potato, uniq_robin
D:5:      layout_cave_pools, ebering_ghost_disaster_area, uniq_menkaure,
          uniq_ijyb
D:6:      layout_cave_pools, minmay_temple_entry_fiery, serial_shops,
          nicolae_take_the_stairs, nicolae_stop_n_shop_2,
          nicolae_concentric_dashed_squares_wild
D:7:      kennysheep_kobold_camp, layout_cave_pools, makhleb_heckhound_becter,
          ashenzari_altar_1, enter_bailey_2, minmay_increasing_density
D:8:      layout_loops_corners, item_on_display_a, uniq_maggie, uniq_erica
D:9:      layout_stronghold, nicolae_gozag_seed_capital,
          nicolae_hepliaklqana_ecumenical_no_more, zombieorc2_lemuel,
          uniq_joseph
D:10:     layout_stronghold, mainiacjoe_overflow_surrounded_room,
          lemuel_crystal_altar, hellmonk_guarded_unrand_gyre_and_gimble,
          uniq_snorg, uniq_erolcha, uniq_amaemon
Temple:   nicolae_temple_superstar
Abyss:2:  base:
D:2

Skill      XL: |  1  2  3  4  5  6  7  8  9 10 11 |
---------------+----------------------------------+-----
Dodging        | 3 4 5 6 7 |  7.2
Spellcasting   | 3 4 5 6 |  6.8
Transmutations | 2 3 4 5 6 |  6.8
Short Blades   | 1 2 3 4 5 |  5.3
Stealth        | 4 5 6 7 8 |  8.9
Poison Magic   | 4 5 6 7 |  7.0
Conjurations   | 1 2 4 5 |  5.0
Air Magic      | 1 2 3 4 |  4.2
Fire Magic     | 1 2 3 4 |  4.1
Evocations     | 4 6 |  6.8

Action                   |  1- 3 |  4- 6 |  7- 9 | 10-12 || total
-------------------------+-------+-------+-------+-------++-------
Melee: Unarmed           |     9 |       |       |       ||     9
       Dagger            |    18 |    81 |   267 |   400 ||   766
       Punch             |     1 |       |     4 |     8 ||    13
 Cast: Sting             |    65 |    80 |   143 |   197 ||   485
       Poisonous Vapours |     3 |     4 |    56 |    19 ||    82
       Olgreb's Toxic Ra |       |     2 |    20 |     9 ||    31
       Mephitic Cloud    |       |     1 |       |       ||     1
 Abil: Evoke Invisibilit |       |       |       |     1 ||     1
  Use: Scroll            |     1 |       |       |     9 ||    10
       Potion            |       |       |     9 |       ||     9
 Stab: Sleeping          |     1 |    11 |     6 |    11 ||    29
       Invisible         |       |       |       |     1 ||     1
Armor: Robe              |     8 |    15 |    25 |       ||    48
       Steam dragon scal |       |       |       |    20 ||    20
Dodge: Dodged            |    46 |    57 |   228 |   300 ||   631
Block: Other             |       |    18 |    52 |    77 ||   147
       Reflection        |       |       |     3 |     1 ||     4
